 Seeded DCSS version 0.30.0-18-gc0e69614cb (webtiles) character file.

Game seed: 6351066067085065685 (custom seed)

2 Esekla the Sneak (level 1, 0/16 HPs)
             Began as an Octopode Delver on May 24, 2023.
             Succumbed to a scorpion's poison
             ... on level 5 of the Dungeon.
             The game lasted 00:01:02 (131 turns).

Esekla the Sneak (Octopode Delver)                   Turns: 131, Time: 00:01:03

Health: 0/16       AC:  1    Str: 11    XL:     1   Next: 30%
Magic:  1/1        EV: 13    Int: 12    God:
Gold:   0          SH:  0    Dex: 13    Spells: 0/0 levels left

rFire   . . .        a - +0 falchion
rCold   . . .        (no shield)
rNeg    . . .        (helmet restricted)
rPois   .            (no amulet)
rElec   .            (no ring)
rCorr   .            (no ring)
SInv    .            (no ring)
Will    .....        (no ring)
Stlth   ++++         (no ring)
HPRegen 0.22/turn    (no ring)
MPRegen 0.07/turn    (no ring)
                     (no ring)

%: no passive effects
@: lethally poisoned (0 -> -8)
A: almost no armour, amphibious, 8 rings, camouflage 1, gelatinous body 1,
(nimble swimmer 1), tentacles
a: no special abilities


You were on level 5 of the Dungeon.
You visited 1 branch of the dungeon, and saw 1 of its levels.

Inventory:

Hand Weapons
 a - a +0 falchion (weapon)
Wands
 f - a wand of digging (3)
 g - a wand of flame (15)
Scrolls
 b - a scroll of fog
 c - a scroll of magic mapping
 d - 2 scrolls of fear
Potions
 e - a potion of haste


   Skills:
 * Level 3.0 Fighting
 * Level 2.0 Long Blades
 * Level 2.0 Dodging
 + Level 6.6 Stealth


You couldn't memorise any spells.
You didn't know any spells.
Your spell library was empty.

Dungeon Overview and Level Annotations

Branches:
Dungeon (5/15)
 Temple: D:4-7

Altars:


Innate Abilities, Weirdness & Mutations

You cannot wear most types of armour.
You are amphibious.
You can wear up to eight rings at the same time.
Your skin changes colour to match your surroundings (Stealth+).
Your rubbery body absorbs attacks. (AC +1, EV +1)
((You are camouflaged when in or above water. (Stealth+)))
You have tentacles for arms and can constrict up to eight enemies at once.


Message History

Found a mace.
Found an escape hatch in the floor.
You see here a +0 mace.
There is an escape hatch in the floor here.
A white imp comes into view.
A sleepcap comes into view.
Found a scroll labelled OPUZOUSOET.
An orc comes into view. It is wielding a +0 club.
A scorpion comes into view.
The orc shouts!
You hit the orc. Your grab misses the orc.
The orc is moderately wounded.
The orc barely misses you.
You hit the orc. You grab the orc.
The orc is severely wounded.
You constrict the orc.
You kill the orc!
You hit the scorpion but do no damage. You grab the scorpion.
You squeeze the scorpion, but do no damage.
You constrict the scorpion, but do no damage.
The scorpion stings you. x2
You are lethally poisoned!
The scorpion poisons you!
You hit the scorpion but do no damage.
You tentacle-slap the scorpion, but do no damage.
You squeeze the scorpion, but do no damage.
You constrict the scorpion, but do no damage.
* * * LOW HITPOINT WARNING * * *
You feel very sick. The scorpion misses you.
Okay, then.
You hit the scorpion.
The scorpion is moderately wounded.
You constrict the scorpion.
* * * LOW HITPOINT WARNING * * *
You feel very sick. The scorpion closely misses you. x2
You hit the scorpion but do no damage. Your squeeze misses the scorpion.
The scorpion is moderately wounded.
You constrict the scorpion.
You die...

.5.....###..#
...........#.#
#.#####..###.#
#.# #..# #.#
#.# #..###.###
#.# #.....f..#
#.# ##.###.#.#
#.# #.# #?#.
#@# ##.# #..
#s# ##..# #.#
#.####...###.#
#....s.......#
###..#####.#.#
##....o..#.#
#.#####.#.#
#.. ..#.# #.##
#.#s#


You could see a scorpion.

Vanquished Creatures
  An orc (D:5)
1 creature vanquished.

Notes
Turn   | Place    | Note
-------+----------+-------------------------------------------
     0 | D:5      | Esekla the Octopode Delver began the quest for the Orb.
     0 | D:5      | Reached XP level 1. HP: 16/16 MP: 1/1
    68 | D:5      | Noticed a sleepcap
   108 | D:5      | Noticed a scorpion
   131 | D:5      | Succumbed to a scorpion's poison

Illustrated notes

Levels and vault maps discovered:
D:5:      layout_loops_ring, lemuel_doored_altar, minmay_misc_feat_rows,
          dreamdust_wishing_well

Action                     || total
---------------------------++-------
  Melee: Falchion          ||     6
         Constrict         ||     2
         Tentacles         ||     2
         Punch             ||     1
  Dodge: Dodged            ||     4
